 Dungeon Crawl Stone Soup version 0.32-a0-893-gf85d74f360 (webtiles) character file.

Game seed: 17615178355705995859

3171 Biggs the Carver (level 9, 0/68 HPs)
             Began as a Coglin Gladiator on Apr 4, 2024.
             Was an Elder of Okawaru.
             Slain by a killer bee (1 damage)
             ... on level 9 of the Dungeon.
             The game lasted 00:10:02 (7052 turns).

Biggs the Carver (Coglin Gladiator)                 Turns: 7052, Time: 00:10:04

Health: 0/68       AC:  8    Str: 14    XL:     9   Next: 94%
Magic:  9/9        EV: 13    Int:  8    God:    Okawaru [****..]
Gold:   607        SH:  0    Dex: 20    Spells: 8/8 levels left

rFire   . . .        a - +0 long sword {Ai}
rCold   . . .        B - +1 long sword (protect) {Dalbir}
rNeg    . . .        r - +0 ring mail
rPois   .            c - +0 helmet
rElec   .            o - +0 cloak
rCorr   .            (no gloves)
SInv    .            w - +0 pair of boots
Will    .....        (amulet unavailable) Stlth
                     (ring unavailable)
HPRegen 0.31/turn    (ring unavailable)
MPRegen 0.11/turn    (no gizmo)

%: no passive effects
@: silenced
A: off-hand wielding, slow wielding, warmup strikes, no jewellery
a: Invent Gizmo, Renounce Religion


You were on level 9 of the Dungeon.
You worshipped Okawaru.
Okawaru was greatly pleased with you.
You visited 1 branch of the dungeon, and saw 9 of its levels.

You collected 607 gold pieces.

Inventory:

Hand Weapons
 a - a +0 long sword (weapon) {Ai}
 f - a +0 dagger {Chisato}
 n - a +2 dagger of venom {Zorawar}
 B - a +1 long sword of protection (offhand) {Dalbir}
Missiles
 d - 3 throwing nets (quivered)
 e - a javelin
Armour
 c - a +0 helmet (worn)
 o - a +0 cloak (worn)
 r - a +0 ring mail (worn)
 w - a +0 pair of boots (worn)
Wands
 y - a wand of digging (7)
 A - a wand of flame (7)
 C - a wand of roots (11)
 H - a wand of acid (7)
Scrolls
 g - 2 scrolls of noise
 j - a scroll of silence
 k - 2 scrolls of vulnerability
 l - 2 scrolls of enchant armour {unknown}
 m - 2 scrolls of fog {unknown}
 q - 3 scrolls of identify {unknown}
 s - 3 scrolls of fear {unknown}
 t - 2 scrolls of teleportation {unknown}
 u - 2 scrolls of enchant weapon {unknown}
 x - a scroll of revelation {unknown}
 D - a scroll of poison {unknown}
 E - a scroll of butterflies {unknown}
 F - a scroll of amnesia {unknown}
 I - 3 scrolls of immolation {unknown}
Potions
 b - a potion of berserk rage {unknown}
 h - a potion of might
 i - a potion of curing
 p - 2 potions of mutation {unknown}
 v - a potion of lignification {unknown}
 z - 2 potions of haste {unknown}
 G - a potion of cancellation {unknown}


   Skills:
 - Level 5.6 Fighting
 - Level 10.5 Long Blades
 - Level 1.7 Throwing
 - Level 6.5 Dodging
 + Level 4.3 Evocations


You had 8 spell levels left.
You didn't know any spells.
Your spell library contained the following spells:

 Spells                   Type           Power      Damage    Failure   Level
 Magic Dart               Conj           0%         1d3       65%         1
 Blink                    Tloc           0%         N/A       80%         2
 Dazzling Flash           Conj/Hex       0%         N/A       95%         3
 Mephitic Cloud           Conj/Alch/Air  0%         N/A       95%         3
 Anguish                  Hex/Necr       0%         N/A       100%        4
 Cause Fear               Hex            0%         N/A       100%        4
 Curse of Agony           Necr           0%         N/A       100%        5
 Silence                  Hex/Air        0%         N/A       100%        5
 Enfeeble                 Hex            0%         N/A       100%        7
 Call Imp                 Summ           Unusable   N/A       N/A         2

Dungeon Overview and Level Annotations

Branches:
Dungeon (9/15)             Temple (0/1) D:5
   Lair: D:8-11         Orc: D:9-12

Altars:
Ashenzari
Okawaru
Sif Muna
Uskayaw
Wu Jian

Shops:
D:1 [   D:2 [   D:8 *

Annotations:
D:3 1 runed translucent door, Crazy Yiuf


Innate Abilities, Weirdness & Mutations

You can wield a second weapon in your off-hand.
It takes a long time for you to wield or remove held weapons.
Your first few attacks do less damage.
You cannot equip rings or amulets.


Message History

The tengu warrior hits you from afar with a +0 bardiche!!
The tengu warrior hits you from afar with a +0 bardiche!
A killer bee comes into view.
The killer bee buzzes angrily.
You hear an angry buzzing noise.
A killer bee comes into view.
The tengu conjurer casts a spell.
The tengu conjurer conjures a globe of magical energy!
A killer bee comes into view.
A battlesphere comes into view.
The killer bee buzzes angrily. x2
A killer bee comes into view.
Okay, then.
The killer bee closely misses you. The killer bee completely misses you.
The killer bee stings you. The killer bee stings you!
You are poisoned.
The killer bee poisons you! The killer bee closely misses you.
The tengu warrior attacks as it pursues you!
The tengu warrior hits you from afar with a +0 bardiche!
* * * LOW HITPOINT WARNING * * *
The killer bee misses you.
The killer bee stings you but does no damage.
Okay, then.
As you read the scroll labelled LEPESA ZIANOPN, it crumbles to dust.
A profound silence engulfs you.
It was a scroll of silence.
You feel sick. The killer bee closely misses you.
The killer bee barely misses you.
The killer bee stings you but does no damage.
The tengu warrior hits you but does no damage.
The killer bee misses you. x2; The killer bee barely misses you.
The killer bee stings you.
* * * LOW HITPOINT WARNING * * *
Magic scrolls do not work when you're silenced!
You feel better. The killer bee stings you.
* * * LOW HITPOINT WARNING * * *
The killer bee closely misses you. x2; The killer bee barely misses you.
The tengu warrior hits you from afar with a +0 bardiche!
* * * LOW HITPOINT WARNING * * *
The killer bee stings you but does no damage.
The killer bee closely misses you. The killer bee stings you.
You die...

...#. ....#.(...#
...... #........#.
♣♣...####....(.....
♣....)........?.#
..♣....#..*.##....#
♣.#......Q## ...
...##......Q## . .
♣.........y.#
♣.........@y######
.....#.....yy.....#
♣♣..#.........#....#
...###..............
..# ##.............
#.....###....#
#..##### ....# #.#
....# #. ...#


You could see a tengu warrior, a tengu conjurer, 4 killer bees and a
battlesphere (distracted).

Vanquished Creatures
  Psyche (D:8)
  Prince Ribbit (D:5)
  Grinder (D:5)
  A wyvern (D:8)
  Edmund (D:5)
  Menkaure (D:7)
  3 water moccasins
  A sky beast (D:7)
  An ice beast (D:7)
  An ogre (D:5)
  2 centaurs
  A phantom (D:5)
  A gnoll sergeant (D:8)
  4 scorpions
  2 bullfrogs
  A wight (D:7)
  6 killer bees (D:7)
  2 howler monkeys
  2 hounds
  A bombardier beetle (D:6)
  A jelly (D:4)
  An orc priest (D:5)
  2 iguanas
  3 orc wizards
  11 adders
  2 shadow imps
  A white imp (D:7)
  2 ufetubi (D:6)
  5 dart slugs
  2 ribbon worms
  15 orcs
  6 ball pythons
  6 endoplasms
  3 giant cockroaches
  7 goblins
  A hobgoblin (D:3)
  6 jackals
  6 kobolds
  6 quokkas
  6 bats
  2 frilled lizards
  6 rats
134 creatures vanquished.

Notes
Turn   | Place    | Note
-------+----------+-------------------------------------------
     0 | D:1      | Biggs the Coglin Gladiator began the quest for the Orb.
     0 | D:1      | Reached XP level 1. HP: 16/16 MP: 1/1
    65 | D:1      | Found Hyafaj's Antique Armour Shop.
   307 | D:1      | Reached XP level 2. HP: 22/22 MP: 2/2
   998 | D:2      | Reached skill level 4 in Long Blades
  1050 | D:2      | Reached XP level 3. HP: 27/27 MP: 3/3
  1247 | D:2      | Reached XP level 4. HP: 33/33 MP: 4/4
  1265 | D:2      | Found Mogamm's Antique Armour Emporium.
  1433 | D:2      | Reached skill level 5 in Long Blades
  1831 | D:3      | Found an iron altar of Okawaru.
  1877 | D:3      | Became a worshipper of Warmaster Okawaru
  1918 | D:3      | Found a hide-covered altar of Uskayaw.
  1996 | D:3      | Identified the +1 robe "Taliphat" {rElec Int+3}
  2029 | D:3      | Found a runed translucent door.
  2030 | D:3      | Noticed Crazy Yiuf
  2064 | D:3      | Reached XP level 5. HP: 38/38 MP: 5/5
  2383 | D:3      | Found a shimmering blue altar of Sif Muna.
  2762 | D:4      | Reached skill level 6 in Long Blades
  2790 | D:4      | Reached XP level 6. HP: 37/44 MP: 6/6
  3152 | D:5      | Entered Level 5 of the Dungeon
  3192 | D:5      | Reached * piety under Okawaru
  3193 | D:5      | Reached skill level 7 in Long Blades
  3340 | D:5      | Reached XP level 7. HP: 50/50 MP: 7/7
  3370 | D:5      | Reached skill level 8 in Long Blades
  3507 | D:5      | Noticed Edmund
  3518 | D:5      | Killed Edmund
  3671 | D:5      | Found a staircase to the Ecumenical Temple.
  3688 | D:5      | Reached ** piety under Okawaru
  3689 | D:5      | Reached skill level 9 in Long Blades
  3780 | D:5      | Noticed Prince Ribbit
  3788 | D:5      | Killed Prince Ribbit
  3789 | D:5      | Reached XP level 8. HP: 27/56 MP: 8/8
  4015 | D:5      | Reached skill level 10 in Long Blades
  4116 | D:5      | Noticed Grinder
  4124 | D:5      | Killed Grinder
  4307 | D:6      | Reached *** piety under Okawaru
  4862 | D:7      | Reached skill level 5 in Dodging
  4862 | D:7      | Reached XP level 9. HP: 48/61 MP: 9/9
  4863 | D:7      | Identified the +1 leather armour of Pride {^Contam rCorr
                  | Str+2 Int+3}
  5118 | D:7      | Found a broken altar of Ashenzari.
  5662 | D:7      | Noticed Menkaure
  5668 | D:7      | Killed Menkaure
  5668 | D:7      | Reached **** piety under Okawaru
  5896 | D:8      | Noticed Psyche
  5903 | D:8      | Killed Psyche
  6001 | D:8      | Reached skill level 5 in Fighting
  6213 | D:8      | Found Xuot's Fire Supplies.
  6317 | D:8      | Found an ornate altar of the Wu Jian Council.
  7042 | D:9      | Noticed a tengu warrior
  7043 | D:9      | Noticed a tengu conjurer
  7052 | D:9      | HP: 1/68 [tengu warrior/+0 bardiche (11)]
  7052 | D:9      | Slain by a killer bee

Illustrated notes

Levels and vault maps discovered:
D:1:      sevenhm_arrival_forest_fort_large_2, layout_basic, serial_shops,
          shop_fountains, minmay_misc_feat_cross
D:2:      layout_basic, serial_shops, nicolae_shop_hallway_stairs
D:3:      layout_loops_ring, led_sif_pool, mainiacjoe_overflow_surrounded_room,
          amcnicky_altar_gilded, minmay_misc_feat_encased,
          uniq_crazy_yiuf_cottage
D:4:      layout_gridville
D:5:      layout_loops_cross, minmay_temple_entry_purple_smoke, uniq_grinder,
          uniq_prince_ribbit1, uniq_edmund
D:6:      layout_gridville
D:7:      layout_rooms, nicolae_ashenzari_panopticon, kb_lookout_dungeons_type,
          minmay_puff, uniq_menkaure
D:8:      wad_crossroads, layout_basic, nicolae_wu_jian_wuxing_cycle,
          nicolae_shop_fire_sale [nicolae_sub_dead_trees], uniq_psyche
D:9:      layout_rooms, mainiacjoe_overflow_small_starburst, enter_bailey_8,
          kennysheep_path_1

Skill      XL: |  1  2  3  4  5  6  7  8  9 |
---------------+----------------------------+-----
Long Blades    | 4 5 6 7 9 10 | 10.5
Dodging        | 5 6 |  6.5
Fighting       | 5 |  5.6
Evocations     | 4 |  4.3
Throwing       | |  1.7

Action                     |  1- 3 |  4- 6 |  7- 9 || total
---------------------------+-------+-------+-------++-------
  Melee: Long sword        |    55 |    87 |   263 ||   405
         Dagger            |    46 |    78 |    88 ||   212
    Use: Scroll            |       |     1 |     2 ||     3
         Potion            |       |       |     3 ||     3
   Stab: Sleeping          |     1 |     3 |       ||     4
 Armour: Leather armour    |    40 |    17 |       ||    57
         Ring mail         |       |    41 |   129 ||   170
  Dodge: Dodged            |    30 |    47 |   123 ||   200

Table legend: (Time is in decaauts)
 A = Elapsed time spent in this place.
 B = Non-inter-level travel time spent in this place.
 C = Inter-level travel time spent in this place.
 D = Time resting spent in this place.
 E = Time spent auto-exploring this place.
 F = Levels seen in this place.
 G = Mean time per level.
                   A        B        C        D        E       F      G
               +--------+--------+--------+--------+--------+-----+--------+
         Total |   7024 |   6787 |    237 |    307 |   5507 |   9 |  780.4 |
       Dungeon |   7024 |   6787 |    237 |    307 |   5507 |   9 |  780.4 |
               +--------+--------+--------+--------+--------+-----+--------+

Top non-repeatable levels by time:
     D:8: 1137 daAuts
     D:7: 1101 daAuts
     D:5: 1063 daAuts
     D:1: 988 daAuts
     D:3: 871 daAuts
     D:2: 707 daAuts
     D:4: 585 daAuts
     D:6: 548 daAuts
     D:9: 20 daAuts
